[Event "December 5 Late 2023"]
[Site "https://www.chess.com"]
[Date "2023.12.05"]
[Round "7"]
[White "Hamidi, Amir Mohammad"]
[Black "Paravyan, David"]
[Result "0-1"]
[Board "12"]
[TimeControl "180+1"]
[WhiteFideId "12563285"]
[BlackFideId "4194985"]
[WhiteElo "2811"]
[BlackElo "3007"]
[WhiteTeam "IRI"]
[BlackTeam "FID"]
[WhiteClock "0:00:23"]
[BlackClock "0:00:06"]

1. d4 d5 2. c4 e6 3. Nc3 Nf6 4. Nf3 Be7 5. Bg5 h6 6. Bh4 O-O 7. e3 b6 8. Rc1 Bb7 9. Be2 dxc4 10. Bxc4 Nbd7 11. O-O a6 12. Qe2 b5 13. Bd3 c5 14. Rfd1 Qb6 15. Ne5 Rad8 16. Nxd7 Rxd7 17. dxc5 Qc6 18. f3 g5 19. Bf2 Qxc5 20. Ne4 Nxe4 21. Rxc5 Nxc5 22. Bc2 Rxd1+ 23. Qxd1 Rd8 24. Qe2 b4 25. h4 Bc6 26. Qc4 Rd2 27. Bb3 Bb5 28. Qxb4 Rxf2 29. hxg5 hxg5 30. Qa5 Rxb2 31. Qc7 Bf8 32. Qd8 Nxb3 33. Qxg5+ Bg7 34. Qd8+ Kh7 35. Qh4+ Bh6 36. axb3 Rxb3 37. Qe4+ Kh8 38. Qd4+ Kg8 39. Qd8+ Kh7 40. Qf6 Bxe3+ 41. Kh2 Kg8 42. Qd8+ Kg7 43. Kg3 Rd3 44. Qh4 Rd5 45. Qe4 Bg5 46. Kh3 Bf6 47. f4 Bd3 48. Qe1 Bg6 49. g4 a5 50. g5 Bd4 51. Qd1 Bf5+ 52. Kg2 Be4+ 53. Kh3 Bf5+ 54. Kg2 Kg8 55. Qb3 Bg7 56. Qb8+ Bf8 57. Qa7 Rd2+ 58. Kf3 Ra2 59. Ke3 a4 60. Kd4 a3 61. Ke5 Bg7+ 62. Kd6 Bf8+ 63. Ke5 Bg6 64. Kf6 Rd2 65. Qa8 Rd5 0-1

[Event "December 5 Late 2023"]
[Site "https://www.chess.com"]
[Date "2023.12.05"]
[Round "7"]
[White "Holt, Conrad"]
[Black "Aronian, Levon"]
[Result "0-1"]
[Board "13"]
[TimeControl "180+1"]
[WhiteFideId "2034387"]
[BlackFideId "13300474"]
[WhiteElo "2815"]
[BlackElo "3100"]
[WhiteTeam "USA"]
[BlackTeam "USA"]
[WhiteClock "0:00:02"]
[BlackClock "0:00:38"]

1. d4 Nf6 2. c4 g6 3. Nc3 Bg7 4. e4 O-O 5. Nf3 d6 6. h3 Nc6 7. d5 Nb4 8. a3 Na6 9. Be3 e6 10. Be2 Re8 11. Nd2 exd5 12. cxd5 Nc5 13. Qc2 Qe7 14. Bf3 Nfd7 15. O-O Ne5 16. Be2 f5 17. Bxc5 dxc5 18. f4 Ng4 19. Bxg4 Bd4+ 20. Kh2 fxg4 21. Rae1 gxh3 22. gxh3 Qh4 23. Qd3 g5 24. f5 Bxf5 25. Rxf5 Qxe1 26. Rxg5+ Kh8 27. Nf3 Qe3 28. Qxe3 Bxe3 29. Rg4 Rf8 30. Kg2 Rg8 31. Nb5 h5 32. Rxg8+ Rxg8+ 33. Kf1 c6 34. Nd6 cxd5 35. exd5 b6 36. Nf5 Bf4 37. Ke2 Kh7 38. Kd3 Re8 39. Kc4 Kg6 40. N5h4+ Kf6 41. Kb5 Re2 42. b4 Rb2 43. Kc4 cxb4 44. axb4 a5 45. bxa5 bxa5 46. Nd4 a4 47. Nb5 Rxb5 48. Kxb5 a3 49. Ng2 a2 0-1

[Event "December 5 Late 2023"]
[Site "https://www.chess.com"]
[Date "2023.12.05"]
[Round "7"]
[White "Nepomniachtchi, Ian"]
[Black "Bardyk, Artem"]
[Result "1-0"]
[Board "14"]
[TimeControl "180+1"]
[WhiteFideId "4168119"]
[BlackFideId "34349979"]
[WhiteElo "3096"]
[BlackElo "2857"]
[WhiteTeam "RUS"]
[BlackTeam "RUS"]
[WhiteClock "0:01:48"]
[BlackClock "0:00:00"]

1. e4 e5 2. f4 d5 3. exd5 exf4 4. Nf3 Nf6 5. Bb5+ c6 6. dxc6 Nxc6 7. Nc3 Bd6 8. Qe2+ Be6 9. Nd4 O-O 10. Nxe6 fxe6 11. Bxc6 bxc6 12. b3 Nd5 13. Bb2 Qh4+ 14. g3 fxg3 15. O-O-O Nf4 16. Qe1 Qg4 17. hxg3 Nd5 18. Ne4 Be7 19. Rh2 a5 20. a4 Qg6 21. Qe2 Nb4 22. Rdh1 h6 23. d3 Rad8 24. Kb1 Rd5 25. g4 Bd8 26. g5 Bxg5 27. Rg2 Rff5 28. Qe1 Qf7 29. Rhg1 c5 30. Bc3 Nc6 31. Kb2 Ne5 32. Nxg5 hxg5 33. Qe4 Nf3 34. Rh1 Nh4 35. Rxh4 gxh4 36. Rxg7+ Qxg7 37. Bxg7 Kxg7 38. Qxh4 Kf7 39. Qh7+ Kf6 40. Qc7 Rg5 41. Qxa5 Kg6 42. Qb6 c4 43. Qxe6+ 1-0

[Event "December 5 Late 2023"]
[Site "https://www.chess.com"]
[Date "2023.12.05"]
[Round "7"]
[White "Galaktionov, Artem"]
[Black "Bluebaum, Matthias"]
[Result "0-1"]
[Board "15"]
[TimeControl "180+1"]
[WhiteFideId "24175471"]
[BlackFideId "24651516"]
[WhiteElo "2848"]
[BlackElo "3018"]
[WhiteTeam "RUS"]
[BlackTeam "GER"]
[WhiteClock "0:01:35"]
[BlackClock "0:02:13"]

1. d4 d5 2. Nf3 e6 3. c4 Nf6 4. Nc3 Bb4 5. cxd5 exd5 6. Bg5 h6 7. Bxf6 Qxf6 8. e3 O-O 9. Bd3 c6 10. O-O Bg4 11. h3 Bh5 12. g4 Bg6 13. Ne5 Bxd3 14. Nxd3 Bd6 15. Kg2 Nd7 16. Qf3 Qe7 17. Rh1 Rae8 18. Rag1 Nf6 19. Qe2 Ne4 20. Kf1 f5 21. gxf5 Rxf5 22. Nxe4 Qxe4 23. Rg2 Qxe3 24. Qxe3 Rxe3 25. Nc1 Bb4 26. Ne2 Rd3 27. f4 Rd1+ 0-1

[Event "December 5 Late 2023"]
[Site "https://www.chess.com"]
[Date "2023.12.05"]
[Round "7"]
[White "Miladinovic, Igor"]
[Black "Hakobyan, Aram"]
[Result "1-0"]
[Board "16"]
[TimeControl "180+1"]
[WhiteFideId "4203380"]
[BlackFideId "13306677"]
[WhiteElo "2823"]
[BlackElo "3006"]
[WhiteTeam "SRB"]
[BlackTeam "ARM"]
[WhiteClock "0:00:27"]
[BlackClock "0:00:03"]

1. d4 d5 2. Bg5 Nf6 3. e3 c5 4. Bxf6 gxf6 5. dxc5 e6 6. c4 dxc4 7. Qa4+ Bd7 8. Qxc4 Na6 9. Nc3 Rc8 10. Nf3 Nxc5 11. Be2 Na4 12. Qb3 Nxc3 13. bxc3 Qc7 14. O-O Bg7 15. Bb5 O-O 16. Bxd7 Qxd7 17. c4 f5 18. Rab1 b6 19. Rfc1 Rc5 20. Rd1 Qc7 21. Nd4 Bxd4 22. Rxd4 Rc8 23. Rbd1 Rxc4 24. Rd7 Qc5 25. h3 Rc7 26. Rd8+ Kg7 27. Qb2+ Rc3 28. Qe2 Qe5 29. Qh5 Qf6 30. Qf3 Rc1 31. Qg3+ Qg6 32. Qe5+ Kh6 33. Kh2 Rxd1 34. Rxd1 Rc5 35. Qb8 Qf6 36. Qxa7 Qe5+ 37. Kg1 Ra5 38. Qxf7 Rxa2 39. Qf8+ Kg6 40. Qe8+ Kh6 41. Qf8+ Kg6 42. h4 Ra1 43. Qg8+ Kh6 44. Qg5# 1-0

[Event "December 5 Late 2023"]
[Site "https://www.chess.com"]
[Date "2023.12.05"]
[Round "7"]
[White "KhalilMousavi98"]
[Black "Henriquez Villagra, Cristobal"]
[Result "0-1"]
[Board "17"]
[TimeControl "180+1"]
[BlackFideId "3409350"]
[WhiteElo "2820"]
[BlackElo "2994"]
[BlackTeam "CHI"]
[WhiteClock "0:00:00"]
[BlackClock "0:00:22"]

1. e4 Nc6 2. Nf3 d6 3. d4 Nf6 4. Nc3 g6 5. d5 Nb8 6. Be3 Bg7 7. Qd2 c6 8. Bh6 Bxh6 9. Qxh6 Qb6 10. O-O-O Bg4 11. Be2 Bxf3 12. Bxf3 Nbd7 13. Rd2 O-O-O 14. dxc6 bxc6 15. Be2 Kb8 16. f3 Ka8 17. Bc4 Rb8 18. Bb3 Nc5 19. Rhd1 a5 20. Rd4 Rb7 21. Na4 Nxa4 22. Rxa4 Nd7 23. Qg7 Rhb8 24. Qxf7 Nc5 25. Ra3 Ra7 26. Kd2 a4 27. Ra1 e6 28. Qf6 d5 29. exd5 exd5 30. Qc3 Re8 31. Kd1 Nxb3 32. axb3 Qg1+ 33. Kd2 Qf2+ 34. Kd1 Qf1+ 35. Kd2 Qxg2+ 36. Kd3 Qxf3+ 37. Kd4 Qf2+ 38. Kd3 Re3+ 0-1

[Event "December 5 Late 2023"]
[Site "https://www.chess.com"]
[Date "2023.12.05"]
[Round "7"]
[White "Drygalov, Sergey"]
[Black "Korchmar, Vasiliy"]
[Result "0-1"]
[Board "18"]
[TimeControl "180+1"]
[WhiteFideId "24171743"]
[BlackFideId "24131750"]
[WhiteElo "2989"]
[BlackElo "2802"]
[WhiteTeam "RUS"]
[BlackTeam "RUS"]
[WhiteClock "0:00:07"]
[BlackClock "0:00:03"]

1. d4 Nf6 2. c4 e6 3. Nf3 d5 4. Nc3 dxc4 5. e4 b5 6. e5 Nd5 7. Nxb5 Nb6 8. Be2 Qd7 9. Nc3 Bb7 10. Be3 Nc6 11. a3 Ne7 12. Qc2 Nf5 13. Rd1 Be7 14. O-O O-O 15. Qd2 Rad8 16. Bg5 Bxf3 17. Bxf3 Nxd4 18. Qxd4 Bxg5 19. Qg4 Qe7 20. Ne4 Bh6 21. Nc3 Rxd1 22. Rxd1 Rd8 23. Qe4 Rxd1+ 24. Bxd1 Qd8 25. g3 Bc1 26. Qc2 Qd2 27. Qxd2 Bxd2 28. Nb5 a5 29. a4 Bc1 30. b3 cxb3 31. Bxb3 c5 32. Nd6 Bb2 33. f4 g5 34. Kf2 gxf4 35. gxf4 Kf8 36. Kf3 Ke7 37. Bc2 h6 38. Nb7 c4 39. Nxa5 c3 40. Nb7 Nd5 41. a5 Nb4 42. a6 Nxa6 43. Ke2 Nb4 44. Kd1 Nd5 45. Nc5 Ne3+ 0-1

[Event "December 5 Late 2023"]
[Site "https://www.chess.com"]
[Date "2023.12.05"]
[Round "7"]
[White "Bok, Benjamin"]
[Black "Urazayev, Arystanbek"]
[Result "1-0"]
[Board "19"]
[TimeControl "180+1"]
[WhiteFideId "1017063"]
[BlackFideId "13709810"]
[WhiteElo "2981"]
[BlackElo "2780"]
[WhiteTeam "NED"]
[BlackTeam "KAZ"]
[WhiteClock "0:00:13"]
[BlackClock "0:00:07"]

1. d4 Nf6 2. c4 g6 3. g3 Bg7 4. Bg2 O-O 5. Nc3 d6 6. Nf3 Bd7 7. O-O Re8 8. Bf4 Nc6 9. d5 Na5 10. b3 c5 11. dxc6 Nxc6 12. Rc1 a6 13. Qd2 e5 14. Bg5 e4 15. Ne1 Bf5 16. Nc2 Qa5 17. Ne3 h6 18. Bxf6 Bxf6 19. Rfd1 Bd4 20. Ncd5 Qxd2 21. Rxd2 Rad8 22. Nxf5 gxf5 23. e3 Bg7 24. Bh3 Ne5 25. Kg2 Nd3 26. Rcd1 Re5 27. Nf4 Nxf4+ 28. gxf4 Ra5 29. Rxd6 Rxd6 30. Rxd6 Rxa2 31. Bxf5 Bc3 32. Rd1 Rb2 33. Bxe4 Rxb3 34. Rd7 Kf8 35. Bxb7 a5 36. Bd5 a4 37. c5 Rb5 38. c6 Rc5 39. c7 Kg7 40. Rxf7+ Kg6 41. f5+ Kh5 42. Be6 a3 43. c8=Q Rxc8 44. Bxc8 a2 45. Ra7 a1=Q 46. Rxa1 Bxa1 47. f4 Kh4 48. Kf3 h5 49. e4 Bf6 50. e5 Bh8 51. Ke4 Bg7 52. Be6 Bh8 53. Bf7 Kh3 54. Bxh5 Kxh2 55. f6 Kg3 56. Kf5 Kh4 57. Be2 1-0

[Event "December 5 Late 2023"]
[Site "https://www.chess.com"]
[Date "2023.12.05"]
[Round "7"]
[White "Skvortsov, Andrei"]
[Black "Drygalov, Andrey"]
[Result "0-1"]
[Board "20"]
[TimeControl "180+1"]
[WhiteFideId "24108600"]
[BlackFideId "24171735"]
[WhiteElo "2757"]
[BlackElo "2965"]
[WhiteTeam "MNE"]
[BlackTeam "RUS"]
[WhiteClock "0:00:02"]
[BlackClock "0:00:12"]

1. e4 e5 2. d4 exd4 3. Qxd4 Nc6 4. Qd3 Nf6 5. Nc3 d6 6. Bg5 Be7 7. O-O-O O-O 8. Nf3 Be6 9. Kb1 Ng4 10. Bxe7 Qxe7 11. Qd2 Nge5 12. Nd4 Nxd4 13. Qxd4 f5 14. exf5 Rxf5 15. f4 Nc6 16. Qd2 Qf7 17. g3 Re8 18. Bd3 Rh5 19. Rhe1 h6 20. a3 Rc5 21. Ne4 Rd5 22. Qc3 Rd4 23. Nf2 Rd5 24. Re3 Rc5 25. Qd2 Bd7 26. Rde1 Rxe3 27. Qxe3 Bf5 28. Ne4 Ra5 29. Bf1 d5 30. Nd2 Kh7 31. Nb3 Ra4 32. Bd3 Qg6 33. Nc1 Bxd3 34. Qxd3 Re4 35. Rxe4 Qxe4 36. Qxe4+ dxe4 37. Ne2 Kg6 38. g4 h5 39. h3 hxg4 40. hxg4 Kf6 41. Kc1 g5 42. f5 Ke5 43. Kd2 Ne7 44. c4 Ng8 45. Nc3 Nf6 46. Nd5 Nxg4 47. Nxc7 Kxf5 48. Nb5 Ke5 49. Nxa7 Kd4 50. b3 e3+ 51. Ke2 Kc3 52. Nb5+ Kxb3 53. Nd6 b6 54. Nc8 Kxc4 55. Nxb6+ Kd4 56. a4 Ne5 57. a5 g4 58. a6 Nc6 59. Nc8 g3 60. Ne7 g2 61. Nxc6+ Ke4 62. a7 g1=Q 63. a8=Q Qf2+ 64. Kd1 Qd2# 0-1

[Event "December 5 Late 2023"]
[Site "https://www.chess.com"]
[Date "2023.12.05"]
[Round "7"]
[White "Svane, Frederik"]
[Black "Kosteniuk, Alexandra"]
[Result "1-0"]
[Board "21"]
[TimeControl "180+1"]
[WhiteFideId "12923044"]
[BlackFideId "4128125"]
[WhiteElo "2936"]
[BlackElo "2745"]
[WhiteTeam "GER"]
[BlackTeam "SUI"]
[WhiteClock "0:00:31"]
[BlackClock "0:00:18"]

1. d4 Nf6 2. Nf3 d5 3. Bf4 c5 4. e3 Nc6 5. Nbd2 cxd4 6. exd4 Bg4 7. c3 e6 8. Be2 Bxf3 9. Nxf3 Bd6 10. Bxd6 Qxd6 11. O-O O-O 12. Re1 Rab8 13. a4 Rfe8 14. Bf1 Nd7 15. Qd2 h6 16. Re3 Re7 17. Rae1 Rbe8 18. Ne5 Qc7 19. Rg3 Kh8 20. Ng4 f5 21. Nxh6 gxh6 22. Qxh6+ Rh7 23. Rxe6 Qd8 24. Bd3 Rxe6 25. Qxe6 Ne7 26. Bb5 Nc6 27. Qxf5 Nf6 28. Rg6 Nh5 29. Bxc6 bxc6 30. Rxc6 Qe7 31. Re6 Ng7 32. Qxh7+ 1-0

[Event "December 5 Late 2023"]
[Site "https://www.chess.com"]
[Date "2023.12.05"]
[Round "7"]
[White "Kamsky, Gata"]
[Black "Krzyzanowski, Marcin"]
[Result "0-1"]
[Board "22"]
[TimeControl "180+1"]
[WhiteFideId "2000024"]
[BlackFideId "1132199"]
[WhiteElo "2931"]
[BlackElo "2732"]
[WhiteTeam "USA"]
[BlackTeam "POL"]
[WhiteClock "0:00:02"]
[BlackClock "0:00:04"]

1. d4 Nf6 2. Bf4 e6 3. e3 c5 4. c3 b6 5. Nf3 Bb7 6. Nbd2 Be7 7. h3 O-O 8. a4 d6 9. Be2 Re8 10. O-O Nbd7 11. Bh2 Nf8 12. a5 Ng6 13. Bb5 Rf8 14. a6 Bc8 15. e4 Bd7 16. Bd3 Bc6 17. Re1 b5 18. Nb3 Qb6 19. Na5 Qxa6 20. Nc4 Qb7 21. Nxd6 Bxd6 22. Bxd6 Rfd8 23. dxc5 Nxe4 24. Bxe4 Bxe4 25. Qe2 Bd5 26. Nd4 a6 27. f3 e5 28. Nf5 Re8 29. Ne3 Nf4 30. Qf1 Bc6 31. b4 Re6 32. Ng4 f6 33. c4 h5 34. Ne3 Rae8 35. Ra3 g5 36. Rea1 e4 37. Bxf4 gxf4 38. Nf5 exf3 39. Nd6 fxg2 40. Qf2 Qe7 41. Nxe8 Qxe8 42. cxb5 axb5 43. Rf3 Re2 44. Rxf4 Rxf2 45. Rxf2 Qe3 0-1

[Event "December 5 Late 2023"]
[Site "https://www.chess.com"]
[Date "2023.12.05"]
[Round "7"]
[White "Mendes Aaron Reeve"]
[Black "Sjugirov, Sanan"]
[Result "1-0"]
[Board "23"]
[TimeControl "180+1"]
[WhiteFideId "25954938"]
[BlackFideId "4189302"]
[WhiteElo "2639"]
[BlackElo "2929"]
[WhiteTeam "CAN"]
[BlackTeam "HUN"]
[WhiteClock "0:00:05"]
[BlackClock "0:00:05"]

1. e4 c5 2. Nf3 Nc6 3. Bb5 e6 4. Bxc6 bxc6 5. O-O Ne7 6. c3 Ng6 7. d4 d5 8. e5 cxd4 9. cxd4 c5 10. Be3 cxd4 11. Bxd4 Be7 12. g3 O-O 13. h4 Ba6 14. Re1 Bb4 15. Nc3 Ne7 16. a3 Ba5 17. b4 Bb6 18. Na4 Nf5 19. Bc5 Re8 20. Nd4 Nxd4 21. Qxd4 Rb8 22. Rec1 Bc4 23. Nxb6 axb6 24. Bd6 Ra8 25. a4 h6 26. Ra3 Qd7 27. Rca1 Qb7 28. g4 Rec8 29. f3 Be2 30. Qd2 Bc4 31. Kf2 d4 32. Qxd4 Bd5 33. Rc3 Rxc3 34. Qxc3 Rc8 35. Qd3 Rc4 36. a5 bxa5 37. Rxa5 Rf4 38. Rb5 Qa7+ 39. Rc5 Rxf3+ 40. Qxf3 Bxf3 41. Kxf3 Qa3+ 42. Kf2 Qb2+ 43. Kf3 Qb3+ 44. Kf2 Qh3 45. Rc4 Qxh4+ 46. Kf3 Qh3+ 47. Ke2 Qg2+ 48. Kd3 Qf1+ 49. Kc3 Qc1+ 50. Kd3 Qb1+ 51. Kd4 Kh7 52. Kc5 g6 53. b5 h5 54. gxh5 gxh5 55. b6 Qg1+ 56. Kc6 Qf1 57. Rc5 h4 58. b7 h3 59. Rc2 Qh1+ 60. Kc7 Qe4 61. Rh2 Qc4+ 62. Kd8 Qb3 63. b8=Q Qg3 64. Qb1+ Kh6 65. Qc2 Kh5 66. Qd2 Qg8+ 67. Ke7 Qg3 68. Qe2+ Kh4 69. Qf2 Kg4 70. Qxg3+ Kxg3 71. Rh1 Kg2 72. Rxh3 Kxh3 73. Kxf7 Kg4 74. Kxe6 1-0

[Event "December 5 Late 2023"]
[Site "https://www.chess.com"]
[Date "2023.12.05"]
[Round "7"]
[White "Grigoriants, Sergey"]
[Black "Sattarov, Bobir"]
[Result "0-1"]
[Board "24"]
[TimeControl "180+1"]
[WhiteFideId "4130804"]
[BlackFideId "14203081"]
[WhiteElo "2928"]
[BlackElo "2739"]
[WhiteTeam "HUN"]
[BlackTeam "UZB"]
[WhiteClock "0:00:02"]
[BlackClock "0:00:06"]

1. d4 Nf6 2. c4 c5 3. d5 g6 4. Nc3 Bg7 5. e4 d6 6. Nf3 O-O 7. h3 e6 8. Be2 exd5 9. exd5 Bf5 10. O-O Ne4 11. Nxe4 Bxe4 12. Ng5 Bf5 13. Bd3 Bxd3 14. Qxd3 Nd7 15. Ne4 Re8 16. Bg5 Qb6 17. Rab1 f5 18. Nd2 Ne5 19. Qc2 a6 20. Rfe1 Qa5 21. a3 b5 22. Bf4 Nxc4 23. Rxe8+ Rxe8 24. Nxc4 bxc4 25. Bxd6 Re1+ 26. Rxe1 Qxe1+ 27. Kh2 Be5+ 28. Bxe5 Qxe5+ 29. Kg1 Qxd5 30. Qa4 Qe6 31. Qa5 Qc6 32. Qc3 Qd5 33. Qf6 a5 34. Qa6 Qd1+ 35. Kh2 Qd4 36. Qxa5 Qxf2 37. Qd8+ Kg7 38. Qe7+ Kh6 39. Qe5 Qd4 40. Qe2 c3 41. bxc3 Qxc3 42. a4 c4 43. a5 Qxa5 44. Qe3+ Kh5 45. Qe2+ Kg5 46. Qxc4 Qe5+ 47. Kh1 Qe1+ 48. Kh2 Qe5+ 49. Kh1 h5 50. Qd3 Qe1+ 51. Kh2 Qe5+ 52. Kh1 h4 53. Qd2+ Kh5 54. Qd1+ Kh6 55. Qd2+ g5 56. Qb4 Qe6 57. Qd4 Kg6 58. Qc3 Qd6 59. Qh8 Qf6 60. Qg8+ Kh6 61. Qe8 Qd6 62. Qh8+ Kg6 63. Qe8+ Kf6 64. Qe3 Qd1+ 65. Kh2 Qd6+ 66. Kh1 Qe5 67. Qd3 Ke7 68. Qd2 f4 69. Qb4+ Ke6 70. Qc4+ Qd5 71. Qc2 Ke5 72. Qe2+ Kd6 73. Kh2 Qe5 74. Qf3 Kc5 75. Kh1 Qe1+ 76. Kh2 Qg3+ 77. Qxg3 hxg3+ 78. Kg1 Kd4 79. Kf1 Kd3 80. Kg1 Ke2 81. Kh1 Kf2 82. h4 f3 0-1

[Event "December 5 Late 2023"]
[Site "https://www.chess.com"]
[Date "2023.12.05"]
[Round "7"]
[White "Kovalev, Vladislav"]
[Black "Janaszak, Dawid"]
[Result "0-1"]
[Board "25"]
[TimeControl "180+1"]
[WhiteFideId "13504398"]
[BlackFideId "1119206"]
[WhiteElo "2920"]
[BlackElo "2606"]
[WhiteTeam "FID"]
[BlackTeam "POL"]
[WhiteClock "0:00:00"]
[BlackClock "0:00:12"]

1. e4 c5 2. Nf3 Nc6 3. Bb5 e5 4. O-O Nge7 5. c3 g6 6. d4 cxd4 7. cxd4 exd4 8. Bf4 Bg7 9. Bd6 O-O 10. Re1 a6 11. Bc4 b5 12. Bb3 Bb7 13. Nbd2 Na5 14. e5 Nxb3 15. Qxb3 h6 16. Nxd4 Re8 17. Ne4 Nc6 18. Nxc6 Bxc6 19. Qg3 Qa5 20. h4 Rac8 21. b4 Qd8 22. Nc5 a5 23. a3 a4 24. Re3 Bd5 25. Rd1 Be6 26. Ne4 Bf5 27. Nc5 Qb6 28. Qf4 Qc6 29. h5 Be6 30. hxg6 fxg6 31. Rd4 g5 32. Qg3 Rf8 33. f4 Rf5 34. Rf3 Re8 35. Kh2 Qa8 36. Qf2 Qd8 37. Rg3 Kh7 38. Qe3 Kg6 39. Qd3 Kh7 40. fxg5 hxg5 41. Rdg4 Kg8 42. Qe3 Kf7 43. Rxg5 Rh8+ 44. Kg1 Rxg5 45. Rxg5 Bh6 46. Qf3+ Ke8 0-1

[Event "December 5 Late 2023"]
[Site "https://www.chess.com"]
[Date "2023.12.05"]
[Round "7"]
[White "yaguigor"]
[Black "Rasulov, Vugar"]
[Result "0-1"]
[Board "26"]
[TimeControl "180+1"]
[BlackFideId "13402390"]
[WhiteElo "2417"]
[BlackElo "2910"]
[BlackTeam "AZE"]
[WhiteClock "0:00:12"]
[BlackClock "0:01:22"]

1. e4 c5 2. Nf3 e6 3. d4 cxd4 4. Nxd4 Nc6 5. Nc3 a6 6. Nxc6 bxc6 7. Qf3 d5 8. Qg3 Nf6 9. Bd3 d4 10. Ne2 Bb4+ 11. Kf1 O-O 12. e5 Ne8 13. Bg5 f6 14. Qh4 fxg5 15. Qxh7+ Kf7 16. Qg6+ Ke7 17. Qxg5+ Kd7 18. Qg4 Kc7 19. Nxd4 Bc5 20. c3 a5 21. Rd1 Bxd4 22. cxd4 Ba6 23. Bxa6 Rxa6 24. Qxe6 Rb6 25. b3 Kb7 26. h4 Nc7 27. Qg4 Qe7 28. Rh3 Nd5 29. Rg3 Kb8 30. Kg1 Rb7 31. h5 Rf4 32. Qg6 Rc7 33. h6 gxh6 34. Qxh6 Kb7 35. Rg6 Rh4 36. Qd2 Qh7 0-1

[Event "December 5 Late 2023"]
[Site "https://www.chess.com"]
[Date "2023.12.05"]
[Round "7"]
[White "Ambartsumova, Karina"]
[Black "Tari, Aryan"]
[Result "1-0"]
[Board "27"]
[TimeControl "180+1"]
[WhiteFideId "4166299"]
[BlackFideId "1510045"]
[WhiteElo "2650"]
[BlackElo "2998"]
[WhiteTeam "RUS"]
[BlackTeam "NOR"]
[WhiteClock "0:00:13"]
[BlackClock "0:00:03"]

1. d4 d5 2. c4 e6 3. Nc3 h6 4. Nf3 a6 5. cxd5 exd5 6. Bf4 Nf6 7. e3 Bd6 8. Be5 Be6 9. Qb3 b5 10. a4 Bxe5 11. Nxe5 Nfd7 12. Nxd7 Nxd7 13. axb5 axb5 14. Rxa8 Qxa8 15. Bd3 c6 16. O-O O-O 17. Ne2 Nb6 18. Qc2 Bd7 19. b3 Qa3 20. Rb1 Qb4 21. Nf4 Ra8 22. Bh7+ Kh8 23. Bf5 Bxf5 24. Qxf5 Qe7 25. h3 Qe4 26. Qxe4 dxe4 27. Rc1 Rc8 28. Rc5 g5 29. Ne2 Nd7 30. Rf5 Kg7 31. g4 c5 32. dxc5 Nxc5 33. Nd4 b4 34. Kg2 Nd3 35. Rb5 Rc2 36. Nxc2 h5 37. gxh5 Kh6 38. Nxb4 Ne1+ 39. Kf1 Nf3 40. Nd5 f5 41. Nc3 Kxh5 42. Rxf5 Nd2+ 43. Ke2 Nxb3 44. Nxe4 Kh4 45. Rxg5 Nc1+ 46. Kd1 Nd3 47. Rg3 Nxf2+ 48. Nxf2 Kxg3 49. e4 Kf4 50. Ke2 Ke5 51. Ke3 1-0

[Event "December 5 Late 2023"]
[Site "https://www.chess.com"]
[Date "2023.12.05"]
[Round "7"]
[White "Seemann, Jakub"]
[Black "Khismatullin, Denis"]
[Result "1-0"]
[Board "29"]
[TimeControl "180+1"]
[WhiteFideId "21874697"]
[BlackFideId "4142578"]
[WhiteElo "2629"]
[BlackElo "2924"]
[WhiteTeam "POL"]
[BlackTeam "RUS"]
[WhiteClock "0:00:04"]
[BlackClock "0:00:00"]

1. e4 c5 2. Nf3 d6 3. Bb5+ Bd7 4. Bxd7+ Qxd7 5. O-O Nf6 6. Re1 Nc6 7. c3 e6 8. d4 cxd4 9. cxd4 d5 10. e5 Ne4 11. Nbd2 Nxd2 12. Bxd2 Be7 13. Rc1 O-O 14. Rc3 Rfc8 15. Rd3 a5 16. a3 a4 17. h4 Bf8 18. h5 h6 19. Nh2 Ne7 20. Ng4 Kh8 21. Bxh6 gxh6 22. Nf6 Qb5 23. Qb1 Nf5 24. g4 Bg7 25. gxf5 Bxf6 26. exf6 Rg8+ 27. Rg3 Rxg3+ 28. fxg3 Qb3 29. Kf2 Rg8 30. Re3 Qb6 31. fxe6 Qxd4 32. exf7 Qxf6+ 33. Rf3 Qd4+ 34. Kg2 Rf8 35. Qg6 Qxb2+ 36. Kh3 Qg7 37. Qe6 d4 38. Rf6 Kh7 39. Qf5+ Kh8 40. Qe6 Kh7 41. Qf5+ Kh8 42. Rg6 Rxf7 43. Qc8+ Qf8 44. Rxh6+ Kg7 45. Rg6+ Kh7 46. Qg4 d3 47. Re6 Kh8 48. Qd4+ Qg7 49. Qxd3 Qf8 50. Qd4+ Qg7 51. Re8+ Kh7 52. Qe4+ Kh6 53. Re6+ Rf6 54. Qf4+ 1-0

[Event "December 5 Late 2023"]
[Site "https://www.chess.com"]
[Date "2023.12.05"]
[Round "7"]
[White "Ashraf, Artin"]
[Black "Omelja, Artem"]
[Result "1-0"]
[Board "30"]
[TimeControl "180+1"]
[WhiteFideId "22514805"]
[BlackFideId "14119846"]
[WhiteElo "2885"]
[BlackElo "2629"]
[WhiteTeam "IRI"]
[BlackTeam "UKR"]
[WhiteClock "0:02:38"]
[BlackClock "0:02:00"]

1. e4 c6 2. d4 d5 3. e5 Bf5 4. Nf3 e6 5. Be2 c5 6. Be3 Qb6 7. O-O Nc6 8. Nc3 Qxb2 9. Qb1 Qxb1 10. Raxb1 b6 11. Bb5 Rc8 12. dxc5 bxc5 13. Bxc6+ Rxc6 14. Rb8+ Ke7 15. Rfb1 Rc7 16. Bxc5+ 1-0

[Event "December 5 Late 2023"]
[Site "https://www.chess.com"]
[Date "2023.12.05"]
[Round "7"]
[White "Gubajdullin, Alexei"]
[Black "Gokerkan, Cem Kaan"]
[Result "0-1"]
[Board "31"]
[TimeControl "180+1"]
[WhiteFideId "4141202"]
[BlackFideId "6336760"]
[WhiteElo "2614"]
[BlackElo "2868"]
[WhiteTeam "RUS"]
[BlackTeam "TUR"]
[WhiteClock "0:00:34"]
[BlackClock "0:00:01"]

1. d4 Nf6 2. Nf3 g6 3. Bf4 Bg7 4. e3 O-O 5. Be2 c5 6. O-O Qb6 7. Nc3 cxd4 8. exd4 d6 9. a3 Nc6 10. d5 Nb8 11. Be3 Qd8 12. Nd4 Nbd7 13. f4 Nb6 14. Bf3 Nc4 15. Bf2 Nxb2 16. Qe2 Bd7 17. Rab1 Rc8 18. Rxb2 Rxc3 19. Rxb7 Rxa3 20. Nc6 Bxc6 21. dxc6 e6 22. c7 Qd7 23. Bxa7 Nd5 24. Bb8 Nxf4 25. Qb5 Qxb5 26. Rxb5 d5 27. c8=Q Rxc8 28. Bxf4 Bd4+ 29. Kh1 Rxc2 30. Bh6 Rc8 31. Rb7 Ra1 32. Rxa1 Bxa1 33. g4 Bg7 34. g5 Kf8 35. Kg2 Kg8 36. Kf2 Be5 37. h3 Rc2+ 38. Ke3 Rc3+ 39. Ke2 Rc2+ 40. Kd1 Rc8 41. Be2 Bf4 42. Rd7 Rc1# 0-1

[Event "December 5 Late 2023"]
[Site "https://www.chess.com"]
[Date "2023.12.05"]
[Round "7"]
[White "Sivakumar, Shaaketh"]
[Black "Kazakouski, Valery"]
[Result "0-1"]
[Board "32"]
[TimeControl "180+1"]
[WhiteFideId "30940176"]
[BlackFideId "13507443"]
[WhiteElo "2598"]
[BlackElo "2847"]
[WhiteTeam "USA"]
[BlackTeam "LTU"]
[WhiteClock "0:01:15"]
[BlackClock "0:00:19"]

1. e4 c5 2. Nf3 a6 3. c4 Nc6 4. d4 cxd4 5. Nxd4 e5 6. Nc2 Bc5 7. Nc3 Nf6 8. Be3 Bxe3 9. Nxe3 d6 10. Be2 Be6 11. O-O O-O 12. b3 Nd4 13. Nc2 Nc6 14. f3 Qa5 15. Nd5 Bxd5 16. cxd5 Nb4 17. Ne3 Qb6 18. Qd2 Nc2 19. Qxc2 Qxe3+ 20. Kh1 Rac8 21. Qb2 Rc7 22. Rac1 Rfc8 23. Rxc7 Rxc7 24. Rd1 Nh5 25. Bf1 g6 26. Qd2 Qxd2 27. Rxd2 f5 28. Kg1 fxe4 29. fxe4 Nf6 30. Bd3 Rc1+ 31. Kf2 Kf7 32. h3 Ke7 33. Ke3 Kd8 34. Rc2 Re1+ 35. Re2 Rg1 36. Rf2 Ke7 37. Bf1 Nh5 38. Rf3 Rh1 39. Kf2 Nf6 40. Re3 g5 41. g4 h5 42. Kg2 Rxf1 43. Kxf1 hxg4 44. hxg4 Nxg4 45. Rg3 Nf6 46. Rxg5 Kf7 47. Ke2 Nxe4 48. Rh5 Ng3+ 0-1

[Event "December 5 Late 2023"]
[Site "https://www.chess.com"]
[Date "2023.12.05"]
[Round "7"]
[White "Shuvalova, Polina"]
[Black "Mendez Fortes, Eduardo Jesus"]
[Result "1-0"]
[Board "33"]
[TimeControl "180+1"]
[WhiteFideId "24171760"]
[BlackFideId "3502376"]
[WhiteElo "2839"]
[BlackElo "2589"]
[WhiteTeam "RUS"]
[BlackTeam "CUB"]
[WhiteClock "0:00:59"]
[BlackClock "0:00:20"]

1. e4 c5 2. Nf3 d6 3. Bb5+ Nd7 4. O-O a6 5. Bd3 Ngf6 6. Re1 g6 7. Bf1 Bg7 8. c3 O-O 9. d4 Qc7 10. a4 e6 11. h3 b6 12. Bf4 e5 13. dxe5 dxe5 14. Bh2 Bb7 15. Nbd2 Rad8 16. Qc2 Rfe8 17. Bc4 h6 18. Rad1 Nh5 19. Qb3 Nf8 20. Nf1 Nf4 21. N3d2 Rd7 22. Ne3 Red8 23. Bxf4 exf4 24. Nd5 Bxd5 25. Bxd5 Nh7 26. Nc4 Rb8 27. a5 b5 28. Nb6 c4 29. Qc2 Re7 30. e5 Nf8 31. e6 fxe6 32. Be4 g5 33. Qe2 Ree8 34. Bc2 Red8 35. Qe4 Qc5 36. Nd7 Nxd7 37. Qxe6+ Kf8 38. Rxd7 Re8 39. Qf7# 1-0